 Dungeon Crawl Stone Soup version 0.29-a0-555-g3b24f45cc1 (webtiles) character file.

Game seed: 8367824739876018101

14223 vulpzor the Severer (level 12, -12/108 HPs)
             Began as a Hill Orc Fighter on June 7, 2022.
             Was an Elder of the Shining One.
             Mangled by a two-headed ogre
             ... wielding a +0 giant club
              (16 damage)
             ... on level 1 of the Orcish Mines.
             The game lasted 00:56:35 (11720 turns).

vulpzor the Severer (Hill Orc Fighter)             Turns: 11720, Time: 00:56:35

Health: -12/108    AC: 21    Str: 29    XL:     12   Next: 14%
Magic:  9/12       EV:  6    Int:  8    God:    the Shining One [****..]
Gold:   189        SH: 19    Dex:  5    Spells: 11/11 levels left

rFire   + . .      SeeInvis .   G - +7 hand axe of the Evil Eye {holy, Str+5 Stlth+}
rCold   + + +      Faith    .   W - +0 tower shield {rN+}
rNeg    + + +      Spirit   .   a - +4 chain mail of Ru's Grace {Harm rC+++ Dex-5 Stlth+}
rPois   +          Reflect  .   l - +0 helmet
rElec   .          Harm     +   Y - +2 cloak {rPois}
rCorr   .          Rampage  .   e - +0 pair of gloves
Will    .....                   (no boots)
Stlth   ..........              b - amulet of regeneration
HPRegen 1.08/turn               r - ring of protection from cold
MPRegen 0.13/turn               C - ring of fire

@: divinely shielded, about to teleport, glowing
A: no striking features
a: Renounce Religion, Divine Shield, Cleansing Flame


You were on level 1 of the Orcish Mines.
You worshipped the Shining One.
The Shining One was greatly pleased with you.
You visited 2 branches of the dungeon, and saw 13 of its levels.

You collected 970 gold pieces.
You spent 781 gold pieces at shops.

Inventory:

Hand Weapons
 c - a +4 war axe of venom
 D - a +0 dagger of electrocution
 F - a +3 hand crossbow
 G - the +7 hand axe of the Evil Eye (weapon) {holy, Str+5 Stlth+}
   (You found it on level 5 of the Dungeon)

   It has been blessed by the Shining One to cause great damage to the undead
   and demons.
   Str:       It affects your strength (+5).
   Stlth:     It makes you more stealthy.
 I - a +1 vorpal dire flail
 N - a +3 great sword
 Q - a +1 spear of freezing
 S - a +3 battleaxe of freezing
 X - a +1 dire flail of holy wrath
Missiles
 m - 26 poisoned darts (quivered)
 P - 3 boomerangs of dispersal
Armour
 a - the +4 chain mail of Ru's Grace (worn) {Harm rC+++ Dex-5 Stlth+}
   (You found it on level 8 of the Dungeon)

   Dex:       It affects your dexterity (-5).
   rC:        It renders you almost immune to cold.
   Harm:      It increases damage dealt and taken.
   Stlth:     It makes you more stealthy.
 d - a +3 plate armour
 e - a +0 pair of gloves (worn)
 l - a +0 helmet (worn)
 z - a +0 leather armour of fire resistance
 B - a +2 pair of boots
 J - a +1 ring mail of fire resistance
 W - a +0 tower shield of positive energy (worn)
 Y - a +2 cloak of poison resistance (worn)
Magical Staves
 R - a staff of poison
 T - a staff of poison
 Z - a staff of earth
Jewellery
 b - an amulet of regeneration (around neck)
 r - a ring of protection from cold (left hand)
 C - a ring of fire (right hand)
Wands
 t - a wand of flame (19)
 w - a wand of acid (9)
 M - a wand of charming (11)
 U - a wand of polymorph (4)
 V - a wand of paralysis (9)
Scrolls
 h - 2 scrolls of fear
 i - 7 scrolls of teleportation
 j - 2 scrolls of blinking
 n - 3 scrolls of enchant armour
 s - 2 scrolls of fog
 v - 2 scrolls of silence
 L - a scroll of identify
 O - a scroll of enchant weapon
Potions
 f - 4 potions of curing
 g - 2 potions of brilliance
 k - 5 potions of haste
 o - 4 potions of mutation {unknown}
 p - 8 potions of degeneration
 q - 3 potions of magic {unknown}
 u - 4 potions of resistance
 x - 4 potions of attraction {unknown}
 A - 2 potions of heal wounds
 E - a potion of flight {unknown}
 H - 2 potions of cancellation {unknown}
 K - 3 potions of lignification
Miscellaneous
 y - a condenser vane


   Skills:
 + Level 10.7 Fighting
 + Level 15.4 Axes
 + Level 9.7 Armour
 + Level 4.1 Dodging
 + Level 1.4 Stealth
 + Level 9.4 Shields


You had 11 spell levels left.
You didn't know any spells.
Your spell library contained the following spells:

 Spells                   Type           Power      Damage    Failure   Level
 Summon Small Mammal      Summ           0%         N/A       100%        1
 Sublimation of Blood     Necr           0%         N/A       100%        2
 Call Canine Familiar     Summ           0%         N/A       100%        3
 Gell's Gravitas          Tloc           0%         N/A       100%        3
 Lesser Beckoning         Tloc           0%         N/A       100%        3
 Summon Guardian Golem    Hex/Summ       0%         N/A       100%        3
 Teleport Other           Tloc           0%         N/A       100%        3
 Anguish                  Hex/Necr       0%         N/A       100%        4
 Petrify                  Tmut/Erth      0%         N/A       100%        4
 Irradiate                Conj/Tmut      0%         3d13      100%        5
 Enfeeble                 Hex            0%         N/A       100%        7
 Chain Lightning          Conj/Air       0%         N/A       100%        9
 Fire Storm               Conj/Fire      0%         5d1       100%        9
 Shatter                  Erth           0%         3d5*      100%        9


Dungeon Overview and Level Annotations

Branches:
Dungeon (12/15)            Temple (0/1) D:5             Orc (1/2) D:10
   Lair: D:8-11

Altars:
Dithmenos
Elyvilon
Hepliaklqana
Makhleb
Nemelex Xobeh
Ru
Trog
Uskayaw
Wu Jian
Yredelemnul
Zin
The Shining One
Beogh

Shops:
D:3 *   D:6 (   D:8 !*[!:   Orc:1 [


Message History

The ogre mage casts a spell at you. You resist with significant effort.
The ogre mage gestures at you while chanting.
You suddenly lose the ability to move!
A two-headed ogre comes into view. It is wielding two +0 giant clubs.
The two-headed ogre shouts in stereo!
The ogre hits you with a +0 giant spiked club!!
A two-headed ogre comes into view. It is wielding two +0 giant clubs.
An ogre comes into view. It is wielding a +0 giant spiked club.
An ogre comes into view. It is wielding a +0 giant spiked club.
You can move again.
You fail to use your ability.
The ogre shouts!
You hear a shout! x2
The ogre mage points at you and mumbles some strange words.
The bolt of magma hits you but does no damage.
Your shield is strengthened by the Shining One's divine power.
You block the two-headed ogre's attack.
The two-headed ogre hits you with a +0 giant spiked club.
The ogre mage points at the two-headed ogre and mumbles some strange words.
The two-headed ogre seems to speed up.
The ogre mage attacks as you move away! The ogre mage hits you with a +0 club!
You slash the two-headed ogre!
The two-headed ogre is lightly wounded.
You hit the two-headed ogre. You block the two-headed ogre's attack.
The two-headed ogre hits you with a +0 giant spiked club!!
* * * LOW HITPOINT WARNING * * *
Okay, then.
As you read the scroll of teleportation, it crumbles to dust.
You feel strangely unstable.
The two-headed ogre hits you with a +0 giant spiked club!
* * * LOW HITPOINT WARNING * * *
The two-headed ogre hits you with a +0 giant spiked club!
* * * LOW HITPOINT WARNING * * *
You block the two-headed ogre's attack. The two-headed ogre barely misses you.
The ogre mage closely misses you. You block the two-headed ogre's attack.
The two-headed ogre hits you with a +0 giant spiked club!
The Shining One protects you from harm!
The two-headed ogre attacks as you move away!
The two-headed ogre hits you with a +0 giant club!
You die...

.≈≈≈....).....###
≈≈≈≈.≈)......##.#
≈≈≈≈≈..).##.....#
≈###≈≈†.##..)...##
#≈≈..###......#
≈###≈≈.OO#.....###
≈≈≈≈≈≈OO.##.....#
.≈≈≈..OOO....#..#
≈≈..≈.O@O....####
......#....###
######......###
###........##
#...........# ######
#..........## ##.##.#
......###....###......
#......#.#............
#..... ############..#


You could see 5 two-headed ogres, an ogre mage and 3 ogres.

Vanquished Creatures
  2 centaur warriors (D:10)
  3 two-headed ogres
  A death drake (shapeshifter) (D:8)
  2 komodo dragons (D:10)
  A kobold demonologist (D:8)
  A troll (Orc:1)
  2 hornets (D:8)
  4 slime creatures (D:12)
  A raiju (shapeshifter) (D:10)
  A wyvern (D:10)
  14 yaks
  A steam dragon (D:8)
  3 vampire mosquitoes (D:10)
  Edmund (D:5)
  2 acid dragons
  2 water moccasins
  Duvessa (D:5)
  A meliai simulacrum (D:10)
  2 ice beasts
  8 orc warriors
  The ghost of Gelos the Ruffian, an amateur TrWr of Ashenzari (D:4)
  3 sky beasts
  4 ogres (Orc:1)
  4 black bears
  4 centaurs
  A phantom (D:5)
  6 bullfrogs
  A kobold brigand (D:8)
  2 necrophages (D:5)
  4 scorpions
  9 wights
  Dowan (D:5)
  An electric eel (Orc:1)
  2 howler monkeys
  A lava snake (D:8)
  2 jellies
  9 orc priests
  5 hounds
  Terence (D:3)
  4 iguanas
  10 orc wizards
  Natasha (thrice) (D:2)
  Robin (D:2)
  3 gnolls (D:5)
  4 adders
  A hound simulacrum (D:4)
  3 shadow imps
  A white imp (D:6)
  2 howler monkey simulacra (D:4)
  2 worms
  3 dart slugs
  2 adder simulacra (D:4)
  50 orcs
  7 bats
  8 endoplasms
  2 giant cockroaches
  14 goblins
  7 hobgoblins
  2 jackals (D:4)
  4 quokkas
  6 ball pythons
  4 frilled lizards
  12 kobolds
  4 rats
273 creatures vanquished.

Vanquished Creatures (others)
  A swamp drake (D:10)
  An orc (Orc:1)
2 creatures vanquished.

Grand Total: 275 creatures vanquished

Notes
Turn   | Place    | Note
-------+----------+-------------------------------------------
     0 | D:1      | vulpzor the Hill Orc Fighter began the quest for the Orb.
     0 | D:1      | Reached XP level 1. HP: 19/19 MP: 1/1
   258 | D:1      | Reached XP level 2. HP: 27/27 MP: 2/2
   625 | D:1      | Reached skill level 3 in Axes
   711 | D:1      | Reached XP level 3. HP: 31/33 MP: 3/3
   859 | D:2      | Found a glowing golden altar of the Shining One.
   869 | D:2      | Became a worshipper of the Shining One
   972 | D:2      | Noticed Robin
   981 | D:2      | Noticed Natasha
   989 | D:2      | Killed Robin
  1002 | D:2      | Killed Natasha
  1003 | D:2      | Reached skill level 4 in Axes
  1003 | D:2      | Reached XP level 4. HP: 21/40 MP: 4/4
  1256 | D:2      | Noticed Natasha
  1268 | D:2      | Killed Natasha
  1516 | D:2      | Noticed Natasha
  1522 | D:2      | Killed Natasha
  1523 | D:2      | Reached XP level 5. HP: 44/46 MP: 5/5
  2099 | D:3      | Reached skill level 5 in Axes
  2158 | D:3      | Noticed Terence
  2158 | D:3      | Reached * piety under the Shining One
  2172 | D:3      | Killed Terence
  2431 | D:3      | Found Qoub's General Store.
  2474 | D:3      | Bought a potion of curing for 36 gold pieces
  3315 | D:4      | Noticed an ice beast
  3363 | D:4      | Reached skill level 6 in Axes
  3363 | D:4      | Reached XP level 6. HP: 39/53 MP: 6/6
  3737 | D:4      | Found a bloodstained altar of Trog.
  3973 | D:4      | Found a runed translucent gate.
  3973 | D:4      | Found a runed translucent gate.
  3973 | D:4      | Found a runed translucent gate.
  4013 | D:4      | Noticed Gelos's ghost (amateur TrWr)
  4318 | D:4      | Reached XP level 7. HP: 55/60 MP: 7/7
  4528 | D:4      | Killed Gelos's ghost
  4529 | D:4      | Reached skill level 5 in Fighting
  4529 | D:4      | Reached skill level 7 in Axes
  4529 | D:4      | Reached skill level 1 in Dodging
  4545 | D:4      | Reached skill level 5 in Armour
  4688 | D:5      | Entered Level 5 of the Dungeon
  4694 | D:5      | Found a shadowy altar of Dithmenos.
  4707 | D:5      | Reached skill level 8 in Axes
  4866 | D:5      | Found a staircase to the Ecumenical Temple.
  4885 | D:5      | Reached XP level 8. HP: 63/68 MP: 8/8
  4947 | D:5      | Found a hazy altar of Hepliaklqana.
  5033 | D:5      | Reached skill level 9 in Axes
  5247 | D:5      | Noticed Dowan
  5252 | D:5      | Noticed Duvessa
  5259 | D:5      | Killed Dowan
  5263 | D:5      | Killed Duvessa
  5566 | D:5      | Identified the +7 hand axe of the Evil Eye {holy, Str+5
                  | Stlth+}
  5574 | D:5      | Found a basalt altar of Yredelemnul.
  5575 | D:5      | Noticed Edmund
  5584 | D:5      | Killed Edmund
  5753 | D:6      | Reached skill level 10 in Axes
  5753 | D:6      | Reached skill level 1 in Stealth
  5865 | D:6      | Reached skill level 5 in Shields
  6008 | D:6      | Found Itorupt's Weapon Shop.
  6020 | D:6      | Reached XP level 9. HP: 76/78 MP: 9/9
  6378 | D:6      | Reached ** piety under the Shining One
  6742 | D:6      | Reached skill level 11 in Axes
  6755 | D:6      | Found a white marble altar of Elyvilon.
  7565 | D:7      | Found a burning altar of Makhleb.
  7855 | D:7      | Found a sacrificial altar of Ru.
  8096 | D:8      | Found Guanodil's Book Boutique.
  8133 | D:8      | Found a shadowy altar of Dithmenos.
  8147 | D:8      | Found Vauciar's Antique Armour Shoppe.
  8160 | D:8      | Bought a runed cloak for 195 gold pieces
  8164 | D:8      | Noticed a hornet
  8169 | D:8      | Noticed a hornet
  8197 | D:8      | Reached skill level 12 in Axes
  8332 | D:8      | Reached XP level 10. HP: 51/88 MP: 10/10
  8678 | D:8      | Noticed a death drake
  8697 | D:8      | Killed a death drake
  8746 | D:8      | Reached skill level 13 in Axes
  8816 | D:8      | Noticed a kobold demonologist
  8833 | D:8      | Noticed a soul eater
  8834 | D:8      | Killed a kobold demonologist
  8997 | D:8      | Found Xepuchep's General Store.
  9190 | D:8      | Found Xuoxt's Distillery.
  9203 | D:8      | Bought a potion of lignification for 45 gold pieces
  9203 | D:8      | Bought a potion of brilliance for 60 gold pieces
  9203 | D:8      | Bought a potion of resistance for 150 gold pieces
  9299 | D:8      | Noticed a two-headed ogre
  9299 | D:8      | Reached *** piety under the Shining One
  9317 | D:8      | Killed a two-headed ogre
  9486 | D:8      | Found a glowing silver altar of Zin.
  9599 | D:8      | Identified the +4 chain mail of Ru's Grace {Harm rC+++
                  | Dex-5 Stlth+}
  9674 | D:8      | Found Sotez's Distillery.
  9689 | D:8      | Bought a potion of heal wounds for 65 gold pieces
  9689 | D:8      | Bought a potion of degeneration for 13 gold pieces
  9740 | D:8      | Found a sparkling altar of Nemelex Xobeh.
  9790 | D:9      | Found a hide-covered altar of Uskayaw.
  9831 | D:9      | Reached XP level 11. HP: 95/95 MP: 11/11
  9840 | D:9      | Reached skill level 14 in Axes
  9933 | D:9      | You fall into a shaft and drop 3 floors!
 10139 | D:10     | Entered Level 10 of the Dungeon
 10244 | D:10     | Found a glowing golden altar of the Shining One.
 10262 | D:10     | Found an ornate altar of the Wu Jian Council.
 10265 | D:10     | Found a hazy altar of Hepliaklqana.
 10467 | D:10     | Found a staircase to the Orcish Mines.
 10658 | D:10     | Found a large runed translucent door.
 10658 | D:10     | Found a large runed translucent door.
 10663 | D:10     | Noticed a centaur warrior
 10671 | D:10     | Noticed a two-headed ogre
 10678 | D:10     | Noticed a centaur warrior
 10680 | D:10     | Killed a two-headed ogre
 10682 | D:10     | Reached **** piety under the Shining One
 10683 | D:10     | Reached skill level 15 in Axes
 10692 | D:10     | Killed a centaur warrior
 10728 | D:10     | Killed a centaur warrior
 10729 | D:10     | Reached skill level 10 in Fighting
 10736 | D:10     | Found a large runed translucent door.
 10736 | D:10     | Found a large runed translucent door.
 11269 | Orc:1    | Entered Level 1 of the Orcish Mines
 11269 | Orc:1    | Found a roughly hewn altar of Beogh.
 11287 | Orc:1    | Reached XP level 12. HP: 99/108 MP: 12/12
 11439 | Orc:1    | Noticed a stone giant
 11622 | Orc:1    | Found Deecebb's Antique Armour Boutique.
 11625 | Orc:1    | Noticed a two-headed ogre
 11630 | Orc:1    | Bought a pair of glowing boots for 217 gold pieces
 11643 | Orc:1    | Killed a two-headed ogre
 11698 | Orc:1    | Noticed an ogre mage
 11703 | Orc:1    | Noticed a two-headed ogre
 11706 | Orc:1    | Noticed a two-headed ogre
 11706 | Orc:1    | Noticed a two-headed ogre
 11710 | Orc:1    | Paralysed by an ogre mage for 5 turns
 11712 | Orc:1    | Noticed a two-headed ogre
 11713 | Orc:1    | Noticed a two-headed ogre
 11719 | Orc:1    | HP: 4/108 [two-headed ogre/+0 giant spiked club (14)]
 11719 | Orc:1    | The Shining One protects you from harm!
 11720 | Orc:1    | Mangled by a two-headed ogre

Illustrated notes

Levels and vault maps discovered:
D:1:      roderic_dead_forest, layout_loops_cross
D:2:      layout_basic, basic_altar, hex_tiny, nicolae_figureground_sparkle,
          uniq_natasha, uniq_robin
D:3:      layout_basic, serial_shops, nicolae_diamond_shop,
          chequers_serial_rivers_micro_e, uniq_terence
D:4:      layout_basic, mainiacjoe_overflow_chevrons, gammafunk_ghost_icy
D:5:      layout_basic, lemuel_doored_altar, minmay_temple_entry_wispy,
          st_stairs_12, hangedman_feature_mirror, uniq_edmund, uniq_duvessa
D:6:      cheibrodos_iron_armory, layout_basic, marbit_many_paths, serial_shops,
          nicolae_stop_n_shop_2
D:7:      layout_basic, mainiacjoe_overflow_swirl, minivault_10,
          kennysheep_minor_cross
D:8:      layout_loops_corners, zin_treasury, nicolae_dithmenos_shadow_blocks,
          nemelex_xobeh_ov_fountains_minmay, serial_shops,
          nicolae_lakefront_shop, nicolae_shop_advertising_works
          [nicolae_subvault_shop_adworks], nicolae_lakefront_shop,
          nicolae_shop_waterfront, nicolae_shop_temple_entry_statues_fountains,
          minmay_joined_circles
D:9:      layout_loops_corners, mainiacjoe_overflow_boulevard,
          nicolae_overflow_crystal_walls
D:10:     layout_roguey, minmay_overflow_temple_star_quad, erik_orc_1,
          minmay_hollow_rounded_squares
D:11:     layout_basic, lair_entry_dummy, uniq_fannar
D:12:     layout_long_grid
Orc:1:    emtedronai_trogs_sanctum, layout_diamond_mine, serial_shops,
          nicolae_shop_hallway_stairs, nicolae_orc_flooded_monolith,
          mines2_david

Skill      XL: |  1  2  3  4  5  6  7  8  9 10 11 |
---------------+----------------------------------+-----
Fighting       | 4 5 6 7 8 10 | 10.7
Axes           | 3 4 6 8 10 12 13 15 | 15.4
Shields        | 4 5 7 9 |  9.4
Armour         | 4 5 6 8 9 |  9.7
Dodging        | 1 2 3 4 |  4.1
Stealth        | 1 |  1.4

Action                   |  1- 3 |  4- 6 |  7- 9 | 10-12 || total
-------------------------+-------+-------+-------+-------++-------
Melee: War axe           |    91 |   128 |   109 |       ||   328
       Hand axe          |       |       |   148 |   316 ||   464
Invok: Divine Shield     |       |       |       |     1 ||     1
  Use: Scroll            |     1 |     3 |     2 |    10 ||    16
       Potion            |       |       |       |     2 ||     2
Armor: Scale mail        |    67 |    57 |    49 |       ||   173
       Ring mail         |       |       |    54 |     9 ||    63
       Plate armour      |       |       |       |    11 ||    11
       Chain mail        |       |       |       |    89 ||    89
Dodge: Dodged            |    44 |    50 |   108 |    57 ||   259
Block: Buckler           |    22 |    23 |    40 |       ||    85
       Tower shield      |       |       |    35 |   182 ||   217

Table legend: (Time is in decaauts)
 A = Elapsed time spent in this place.
 B = Non-inter-level travel time spent in this place.
 C = Inter-level travel time spent in this place.
 D = Time resting spent in this place.
 E = Time spent auto-exploring this place.
 F = Levels seen in this place.
 G = Mean time per level.
                   A        B        C        D        E       F      G
               +--------+--------+--------+--------+--------+-----+--------+
         Total |  11781 |  11781 |      0 |   1305 |   6031 |  13 |  906.2 |
       Dungeon |  11335 |  11335 |      0 |   1305 |   5892 |  12 |  944.6 |
  Orcish Mines |    446 |    446 |      0 |      0 |    139 |   1 |  446.0 |
               +--------+--------+--------+--------+--------+-----+--------+

Top non-repeatable levels by time:
     D:8: 1740 daAuts
     D:4: 1418 daAuts
     D:3: 1313 daAuts
     D:7: 1153 daAuts
     D:2: 1152 daAuts
     D:6: 1127 daAuts
    D:10: 1117 daAuts
     D:5: 1066 daAuts
     D:1: 883 daAuts
   Orc:1: 446 daAuts
    D:12: 199 daAuts
     D:9: 157 daAuts
    D:11: 4 daAuts
